[Event "ICCopen2017"]
[Site "Internet Chess Club"]
[Date "2017.04.02"]
[Round "3"]
[White "penguingm1"]
[Black "Unico"]
[Result "0-1"]
[ICCResult "White checkmated"]
[WhiteElo "2872"]
[BlackElo "2441"]
[Opening "Nimzo-Indian: classical, Noa variation, 5.cd ed"]
[ECO "E35"]
[NIC "NI.23"]
[Time "19:28:24"]
[TimeControl "180+0"]

1. d4 Nf6 2. c4 e6 3. Nc3 Bb4 4. Qc2 d5 5. cxd5 exd5 6. Bg5 h6 7. Bh4 Be6 8.
e3 Nbd7 9. Nf3 c5 10. dxc5 Rc8 11. a3 Bxc5 12. Bd3 Bg4 13. O-O Bxf3 14. gxf3
Ne5 15. Bb5+ Kf8 16. Be2 Ng6 17. Bg3 h5 18. h3 h4 19. Bh2 Qd7 20. Kg2 Bd6
21. Bxd6+ Qxd6 22. Rad1 Ne7 23. Qb3 b6 24. Rd4 Nf5 25. Rd2 Nxe3+ 26. Kh1
Nxf1 27. Bxf1 Rh5 28. Qd1 Rg5 29. Rd4 Rh5 30. Bg2 Re8 31. Qd2 Qe5 32. Qd3
Qe1+ 33. Qf1 Qxf1+ 34. Bxf1 Rf5 35. Bg2 g5 36. Rd2 Re1+ 37. Kh2 Nh5 38. Nd1
Nf4 39. Ne3 Re5 40. Nc2 R1e2 41. Rxe2 Rxe2 42. Nd4 Rxf2 43. Kg1 Rxg2+ 44.
Kf1 Rxb2 45. Nf5 Nxh3 46. Ke1 Nf4 47. Kd1 h3 48. Kc1 Rf2 49. Ng3 h2 50. Kd1
Rg2 51. Nh1 f5 52. Ke1 d4 53. Kd1 d3 54. Kc1 Re2 55. Kd1 g4 56. Ng3 gxf3 57.
Nxe2 dxe2+ 58. Kd2 h1=Q 59. Kc3 Qd1 60. Kc4 e1=Q 61. Kb5 Qc3 62. Ka6 Qa4+
63. Kb7 Qcc6+ 64. Kb8 Qd7 65. Ka8 Qac6+ 66. Kb8 Qcc8# {White checkmated} 0-1

[Event "ICCopen2017"]
[Site "Internet Chess Club"]
[Date "2017.04.02"]
[Round "3"]
[White "Activekids"]
[Black "Last7Samurai"]
[Result "0-1"]
[ICCResult "White forfeits on time"]
[WhiteElo "1985"]
[BlackElo "2683"]
[Opening "French: exchange variation"]
[ECO "C01"]
[NIC "FR.01"]
[Time "19:29:23"]
[TimeControl "180+0"]

1. e4 e6 2. d4 d5 3. exd5 exd5 4. c4 Nf6 5. Nf3 Bb4+ 6. Nc3 O-O 7. Bd3 dxc4
8. Bxc4 Nc6 9. O-O Bg4 10. Be3 Qd6 11. h3 Bxf3 12. Qxf3 Nxd4 13. Qxb7 Bxc3
14. bxc3 Rfb8 15. Qxa8 Rxa8 16. Bxd4 Ne4 17. Rfd1 Qc6 18. Bd3 Re8 19. Rac1
Nd6 20. c4 Qa4 21. Rd2 c5 22. Be3 g6 23. Bc2 Qa6 24. Bxc5 Nxc4 25. Bd3 Qa5
26. Rdc2 Re1+ 27. Kh2 Rxc1 28. Rxc1 Qxc5 29. Bxc4 Qe5+ 30. g3 Kg7 31. Kg2 h5
32. Bb3 Qe4+ 33. Kg1 Qe5 34. Rc4 g5 35. Kg2 Qd5+ 36. Kg1 Qd6 37. Ra4 a6 38.
Kg2 Qc6+ 39. Kg1 Qc1+ 40. Kg2 Qc5 41. Rc4 Qd5+ 42. Kg1 Qe5 43. Kh2 a5 44.
Kg2 Qd5+ 45. Kg1 Qh1+ {White forfeits on time} 0-1

[Event "ICCopen2017"]
[Site "Internet Chess Club"]
[Date "2017.04.02"]
[Round "3"]
[White "GYMEJR"]
[Black "fredx"]
[Result "1-0"]
[ICCResult "Black forfeits on time"]
[WhiteElo "1490"]
[BlackElo "1026"]
[Opening "Queen's Pawn"]
[ECO "A41"]
[NIC "QO.17"]
[Time "19:29:20"]
[TimeControl "180+0"]

1. d4 d6 2. Bf4 c5 3. e3 cxd4 4. exd4 Nc6 5. c3 Nf6 6. Nf3 Bg4 7. h3 Bf5 8.
Bd3 Bxd3 9. Qxd3 g6 10. O-O Bg7 11. Nbd2 O-O 12. Rfe1 d5 13. Ne5 Nxe5 14.
Bxe5 e6 15. Re2 Qb6 16. b3 Rac8 17. Rc1 a5 18. c4 dxc4 19. Nxc4 Qa7 20. Nd6
Rxc1+ 21. Kh2 Nd5 22. Bxg7 Kxg7 23. Qe3 Nf6 24. Qxc1 b6 25. Nb5 Qb7 26. Rc2
Qd5 27. Rc7 Qf5 28. f3 Qd5 29. Rc6 Qxb5 30. Qc3 e5 31. dxe5 Nd5 32. Qc1 Nb4
33. Rc7 Qxe5+ 34. Kh1 Nd3 35. Qc3 Qxc3 36. Rxc3 Nf4 37. Rc6 Rb8 38. Kh2 Ne6
39. g4 h6 40. Kg3 {Black forfeits on time} 1-0

[Event "ICCopen2017"]
[Site "Internet Chess Club"]
[Date "2017.04.02"]
[Round "3"]
[White "JimboPi"]
[Black "volver"]
[Result "0-1"]
[ICCResult "White checkmated"]
[WhiteElo "1546"]
[BlackElo "1323"]
[Opening "Blackmar-Diemer gambit"]
[ECO "D00"]
[NIC "QP.07"]
[Time "19:28:25"]
[TimeControl "180+0"]

1. d4 Nf6 2. Nc3 d5 3. e4 dxe4 4. f3 exf3 5. Nxf3 Bg4 6. Bc4 Bxf3 7. Qxf3 c6
8. Be3 e6 9. O-O-O Be7 10. g4 Nbd7 11. h4 Nb6 12. Bb3 Qc7 13. Rhf1 Rf8 14.
Bd2 O-O-O 15. Ne2 Nfd5 16. g5 Bd6 17. Kb1 Kb8 18. c4 Ne7 19. c5 Nbd5 20.
cxd6 Qxd6 21. Nc3 Ka8 22. Ne4 Qc7 23. Nc5 b6 24. Na6 Qb7 25. Nb4 Nxb4 26.
Bxb4 Nd5 27. Bd2 Rde8 28. Rfe1 f6 29. Qh3 f5 30. Bc3 g6 31. h5 Qf7 32. hxg6
hxg6 33. Re5 Rh8 34. Qg3 Rh5 35. Rde1 a5 36. Bd2 Ka7 37. Qg2 Kb7 38. a4 Rh4
39. Bc3 Rg4 40. Qd2 f4 41. Bxd5 cxd5 42. Bxa5 bxa5 43. Qxa5 Qc7 44. Qb5+ Ka7
45. Qxe8 Rg2 46. Rxe6 Qc2+ 47. Ka1 Qxb2# {White checkmated} 0-1

[Event "ICCopen2017"]
[Site "Internet Chess Club"]
[Date "2017.04.02"]
[Round "3"]
[White "ural"]
[Black "leonardoalmeida"]
[Result "1-0"]
[ICCResult "Black forfeits on time"]
[WhiteElo "2337"]
[BlackElo "1756"]
[Opening "Scandinavian, Mieses-Kotrc gambit"]
[ECO "B01"]
[NIC "SD.01"]
[Time "19:29:35"]
[TimeControl "180+0"]

1. e4 d5 2. exd5 Qxd5 3. Nc3 Qa5 4. b4 Qb6 5. Nf3 c6 6. b5 Nf6 7. Rb1 Qc7 8.
Bc4 e6 9. O-O Be7 10. Re1 O-O 11. Ne5 Nbd7 12. d4 Nxe5 13. dxe5 Nd5 14. Ne4
Qxe5 15. Bb2 Qf5 16. bxc6 bxc6 17. Ng3 Qg6 18. Bd3 Qg5 19. Re5 Qf4 20. Nh5
Qh4 21. Nxg7 Bf6 22. Rh5 Qf4 23. Bc1 Qa4 24. Bh6 Ba6 25. Bxa6 Qxa6 26. Qg4
Kh8 27. Nxe6 fxe6 28. Bxf8 Rxf8 29. Qg6 {Black forfeits on time} 1-0

[Event "ICCopen2017"]
[Site "Internet Chess Club"]
[Date "2017.04.02"]
[Round "3"]
[White "KnightWalker"]
[Black "LiangLiang"]
[Result "0-1"]
[ICCResult "White forfeits on time"]
[WhiteElo "1331"]
[BlackElo "1844"]
[Opening "Sicilian"]
[ECO "B50"]
[NIC "SI.01"]
[Time "19:28:41"]
[TimeControl "180+0"]

1. e4 c5 2. Nf3 d6 3. h3 Nf6 4. Bd3 Nc6 5. c3 g6 6. Bc2 Bg7 7. O-O O-O 8.
Re1 b5 9. d4 cxd4 10. cxd4 Bb7 11. a3 a6 12. Nc3 Rc8 13. Bf4 Nd7 14. Rc1 Nb6
15. Bb3 e5 16. dxe5 dxe5 17. Qxd8 Rfxd8 18. Be3 Nc4 19. Bxc4 bxc4 20. Nd5
Bf8 21. Rxc4 Bd6 22. Rec1 Kg7 23. b4 f6 24. Bb6 Rd7 25. a4 Ne7 26. Nxe7 Rxc4
27. Rxc4 Bxe7 28. Bc5 Bxc5 29. bxc5 Bc6 30. Rb4 Rd1+ 31. Kh2 Ra1 32. Rb6
Bxe4 33. Rxa6 Rc1 34. Nd2 Bd3 35. Ra7+ Kh6 36. Nb3 Rc3 37. Na5 Rxc5 38. Nb3
Rc3 39. Na1 Ra3 40. Nc2 Bxc2 41. a5 Bd3 42. Kg3 e4 43. Kf4 g5+ 44. Kf5 e3+
45. Kxf6 exf2 46. Rg7 f1=Q+ 47. Ke7 Kxg7 48. Kd6 Qf6+ 49. Kc5 Rxa5+ 50. Kb4
Qb6+ {White forfeits on time} 0-1

[Event "ICCopen2017"]
[Site "Internet Chess Club"]
[Date "2017.04.02"]
[Round "3"]
[White "Neurisdr"]
[Black "refid"]
[Result "0-1"]
[ICCResult "White forfeits on time"]
[WhiteElo "2889"]
[BlackElo "1851"]
[Opening "Philidor: Improved Hanham variation"]
[ECO "B07"]
[NIC "PU.08"]
[Time "19:28:18"]
[TimeControl "180+0"]

1. e4 d6 2. d4 Nf6 3. Nc3 e5 4. Nf3 Nbd7 5. g4 h6 6. Rg1 c6 7. a4 Be7 8. h4
h5 9. g5 Ng4 10. Be2 Qa5 11. Bd2 Qb6 12. a5 Qc7 13. Bc4 Nf8 14. Qe2 Ng6 15.
O-O-O Qxa5 16. Kb1 Qc7 17. Ba2 Be6 18. d5 Bd7 19. Ne1 Qb6 20. Nd3 Nf4 21.
Bxf4 exf4 22. e5 O-O-O 23. e6 fxe6 24. dxe6 Be8 25. f3 Ne3 26. Rde1 Bg6 27.
Ne4 Bxe4 28. fxe4 Rhf8 29. Qxh5 f3 30. Nf2 Ng2 31. Ref1 Qe3 32. Qg6 Nf4 33.
Qxg7 Rde8 34. Ng4 Qxe4 35. Nf6 Bxf6 36. Qd7+ Kb8 37. gxf6 Nxe6 38. Qxd6+ Ka8
39. f7 Rxf7 40. Bxe6 Rfe7 41. Bc4 Qxc4 42. Rd1 a6 43. h5 f2 44. Rh1 Re1 45.
Qd7 R8e3 46. h6 Rxh1 47. Rxh1 f1=Q+ 48. Rxf1 Qxf1+ 49. Ka2 Re1 50. Qd8+ Ka7
51. Qd4+ Ka8 52. Qd8+ Ka7 53. Qd4+ b6 54. Qd7+ Kb8 55. h7 Ra1+ 56. Kb3 Qb5+
57. Kc3 Qe5+ 58. Kb3 Qd5+ 59. Qxd5 cxd5 60. h8=Q+ Kc7 61. Qg7+ Kc6 62. Qf6+
Kb5 63. Qe5 a5 64. Qxd5+ Ka6 65. c4 a4+ 66. Kc2 Ra3 67. Qb5+ Kb7 68. c5 Kc7
69. Qxb6+ Kd7 70. Qd6+ Ke8 71. c6 Rc3+ {White forfeits on time} 0-1

[Event "ICCopen2017"]
[Site "Internet Chess Club"]
[Date "2017.04.02"]
[Round "3"]
[White "chavo"]
[Black "A4-H5"]
[Result "0-1"]
[ICCResult "White forfeits on time"]
[WhiteElo "2319"]
[BlackElo "1816"]
[Opening "Sicilian: Magnus Smith trap"]
[ECO "B57"]
[NIC "SI.25"]
[Time "19:28:54"]
[TimeControl "180+0"]

1. e4 c5 2. Nc3 Nc6 3. Nf3 Nf6 4. d4 cxd4 5. Nxd4 d6 6. Bc4 g6 7. Nxc6 bxc6
8. e5 d5 9. exf6 dxc4 10. Qf3 exf6 11. O-O Be7 12. Bh6 Qc7 13. Bg7 Rg8 14.
Bxf6 Bxf6 15. Qxf6 Be6 16. Rad1 Qe7 17. Qf3 Rc8 18. Ne4 Kf8 19. Rfe1 Bd5 20.
Qf4 g5 21. Qg4 Qe6 22. Qxe6 fxe6 23. Nf6 Rg7 24. Nxd5 exd5 25. Re6 Kf7 26.
Rde1 Rc7 27. Kf1 Rg6 28. Re8 Rd6 29. Rh8 Kg7 30. Ree8 Rdd7 31. Reg8+ Kh6 32.
h4 gxh4 33. Rg4 Kh5 34. Rhg8 h6 35. f3 d4 36. Re8 Rd5 37. Ke2 c5 38. Kd2 Rg5
39. Ree4 Rxg4 40. Rxg4 Rb7 41. b3 cxb3 42. axb3 a5 43. Kd3 a4 44. bxa4 Rb4
45. Re4 Rxa4 46. Re5+ Kg6 47. Rxc5 h3 48. gxh3 Ra3+ 49. Kxd4 Rxf3 50. Rc3
Rf4+ 51. Ke5 Rf5+ 52. Ke4 Ra5 53. Rg3+ Kf6 54. c4 Ra4 55. Kd4 Kf5 56. Re3
Kf4 57. Re4+ Kf5 58. Kd5 Ra5+ 59. Kd4 Ra4 60. Re1 Ra2 61. Kd5 Rd2+ 62. Kc6
Rc2 63. c5 Rc3 64. Rf1+ Ke5 65. Re1+ Kf5 66. Kc7 Rxc5+ {White forfeits on
time} 0-1

[Event "ICCopen2017"]
[Site "Internet Chess Club"]
[Date "2017.04.02"]
[Round "3"]
[White "Ninjakiwi17"]
[Black "rovov"]
[Result "0-1"]
[ICCResult "White forfeits on time"]
[WhiteElo "2329"]
[BlackElo "1772"]
[Opening "French: Tarrasch, closed variation"]
[ECO "C05"]
[NIC "FR.17"]
[Time "19:28:24"]
[TimeControl "180+0"]

1. e4 e6 2. d4 d5 3. Bd3 Nf6 4. Nd2 c5 5. e5 Nfd7 6. c3 Nc6 7. Ne2 Qb6 8.
Nf3 cxd4 9. cxd4 Bb4+ 10. Bd2 O-O 11. O-O h6 12. Rc1 Qa5 13. Bxb4 Nxb4 14.
a3 Nxd3 15. Qxd3 Qd8 16. Nc3 b6 17. Rfd1 a5 18. Nb5 Ba6 19. Qb3 Bxb5 20.
Qxb5 Rc8 21. Rc6 Rxc6 22. Qxc6 Qc8 23. Rc1 Qxc6 24. Rxc6 Rd8 25. Kf1 Kf8 26.
Ke2 Ke7 27. Kd3 Rb8 28. Nd2 Kd8 29. f4 Rc8 30. Rxc8+ Kxc8 31. g4 Kc7 32. f5
Nb8 33. h4 Nc6 34. Nf1 Kd7 35. Ng3 Ke7 36. Nh5 Kf8 37. fxe6 fxe6 38. Nf4 Kf7
39. g5 hxg5 40. hxg5 Nd8 41. Kc3 Ke7 42. Kb3 b5 43. Ne2 Nf7 44. g6 Nd8 45.
Nc3 b4 46. axb4 axb4 47. Kxb4 Nc6+ 48. Kc5 Kd7 49. b4 Kc7 50. b5 Ne7 51. b6+
Kb7 52. Na4 Nxg6 53. Kd6 Nf4 54. Nc5+ Kxb6 55. Nxe6 Ne2 56. Nf4 Nxf4 57. Ke7
Ne2 58. e6 Nxd4 59. Kd6 Nxe6 60. Kxe6 d4 61. Ke5 d3 62. Kf4 d2 63. Kg5 d1=Q
64. Kg6 Qg1+ 65. Kh7 Qg2 66. Kg8 Qg3 67. Kh7 Qg4 68. Kg8 Qg5
{White forfeits on time}
0-1

[Event "ICCopen2017"]
[Site "Internet Chess Club"]
[Date "2017.04.02"]
[Round "3"]
[White "Heian"]
[Black "hipopotamos"]
[Result "1-0"]
[ICCResult "Black checkmated"]
[WhiteElo "1508"]
[BlackElo "1190"]
[Opening "King's pawn game"]
[ECO "C50"]
[NIC "IG.03"]
[Time "19:29:00"]
[TimeControl "180+0"]

1. e4 e5 2. Nf3 Nc6 3. Bc4 h6 4. O-O Nf6 5. d4 d6 6. dxe5 dxe5 7. Qxd8+ Nxd8
8. Nxe5 Be7 9. Nc3 O-O 10. Ng6 Re8 11. Nxe7+ Rxe7 12. f3 Nc6 13. Nd5 Nxd5
14. Bxd5 Nd4 15. c3 Nc2 16. Rb1 Re5 17. Bb3 Rg5 18. Bxc2 Rg6 19. e5 Re6 20.
f4 Bd7 21. Bb3 Rg6 22. Bd5 Bh3 23. Rf2 Rd8 24. Be4 Rd1+ 25. Rf1 Rxf1+ 26.
Kxf1 Bxg2+ 27. Bxg2 Rg4 28. Be3 b6 29. Kf2 c5 30. Bf3 Rg6 31. Rg1 Re6 32.
Bd5 Re7 33. c4 Kh8 34. b3 a5 35. Kf3 Rd7 36. Ke4 g6 37. f5 gxf5+ 38. Kxf5
Rd8 39. Bxh6 Kh7 40. Bg5 Rg8 41. Rf1 Rg7 42. Rf4 Kg8 43. Bf6 Rh7 44. Rg4+
Kf8 45. h4 Ke8 46. Bc6+ Kf8 47. Rg5 Rh6 48. h5 Rh7 49. e6 fxe6+ 50. Kxe6 Rf7
51. Bd7 Rh7 52. Kf5 Rxd7 53. h6 Rh7 54. Kg6 Rh8 55. Rd5 Rg8+ 56. Kf5 Kf7 57.
Rd7+ Kf8 58. Ke6 Rh8 59. Rd8# {Black checkmated} 1-0

[Event "ICCopen2017"]
[Site "Internet Chess Club"]
[Date "2017.04.02"]
[Round "3"]
[White "NEO2017"]
[Black "tirandopiezas"]
[Result "1/2-1/2"]
[ICCResult "Black ran out of time and White has no material to mate"]
[WhiteElo "1719"]
[BlackElo "2009"]
[Opening "Trompowsky attack (Ruth, Opocenský opening)"]
[ECO "A45"]
[NIC "QP.07"]
[Time "19:28:15"]
[TimeControl "180+0"]

1. d4 Nf6 2. Bg5 e6 3. e4 Be7 4. e5 Nd5 5. Bd2 Nb6 6. Qg4 g6 7. c4 h5 8. Qg3
c5 9. dxc5 Bxc5 10. Nc3 d5 11. Qf4 Nc6 12. Nf3 dxc4 13. O-O-O Qe7 14. Ne4
Nd5 15. Nf6+ Nxf6 16. exf6 Qd6 17. Qg5 Qd5 18. Qf4 Bd6 19. Qxc4 Qxc4+ 20.
Bxc4 Bc7 21. Bc3 Bd7 22. Ng5 Bf4+ 23. Bd2 Be5 24. Ne4 O-O-O 25. f4 Bc7 26.
g3 Nd4 27. Bc3 Nf5 28. Ng5 Rhf8 29. Rd3 Bc6 30. Rhd1 Ne3 31. Rxd8+ Rxd8 32.
Rxd8+ Bxd8 33. Bxe6+ fxe6 34. Nxe6 Nd5 35. f7 Be7 36. Bg7 Kd7 37. f8=Q Bxf8
38. Nxf8+ Ke8 39. Nxg6 Kf7 40. Ne5+ Kxg7 41. Nxc6 bxc6 42. Kd2 Kg6 43. a3
Kf5 44. Kd3 Kg4 45. Ke4 Kh3 46. f5 Kxh2 47. Ke5 Kxg3 48. f6 Nxf6 49. Kxf6 h4
50. Ke6 h3 51. Kd6 h2 52. Kxc6 h1=Q+ 53. Kb5 Qb1 54. b4 Qb3 55. a4 a6+ 56.
Ka5 Qc3 57. Kxa6 Qxb4 58. a5 Kf4 59. Ka7 Qxa5+ 60. Kb7 Ke5 61. Kc8 Qa7 62.
Kd8 Ke6 63. Kc8 {Black ran out of time and White has no material to mate}
1/2-1/2

[Event "ICCopen2017"]
[Site "Internet Chess Club"]
[Date "2017.04.02"]
[Round "3"]
[White "atoz"]
[Black "vishweshk"]
[Result "0-1"]
[ICCResult "White checkmated"]
[WhiteElo "1364"]
[BlackElo "1863"]
[Opening "English opening"]
[ECO "A20"]
[NIC "EO.24"]
[Time "19:28:40"]
[TimeControl "180+0"]

1. c4 e5 2. g3 Nf6 3. Bg2 d5 4. cxd5 Nxd5 5. Nc3 Be6 6. Nf3 Nc6 7. O-O Be7
8. a3 a5 9. d3 O-O 10. Bd2 Nb6 11. Rc1 f5 12. Ne1 Nd4 13. e3 Bb3 14. Qh5 g6
15. Qh6 Bg5 16. Qh3 Na4 17. f4 Nxc3 18. bxc3 Ne2+ 19. Kh1 Nxc1 20. fxg5 Nxd3
21. Nf3 e4 22. Nd4 Bc4 23. Qh6 c5 24. Nc2 Ne5 25. Rf2 Ng4 26. Qh4 Nxf2+ 27.
Kg1 Qxd2 28. Qf4 Ng4 29. h3 Qd1+ 30. Bf1 Qxf1+ 31. Qxf1 Bxf1 32. Kxf1 Ne5
33. Ke2 Rad8 34. h4 Nf3 35. Ne1 Rd2+ 36. Kf1 Nh2+ 37. Kg1 Nf3+ 38. Kf1 Rd1
39. Kf2 Rxe1 40. c4 Rd8 41. a4 Rd2# {White checkmated} 0-1

[Event "ICCopen2017"]
[Site "Internet Chess Club"]
[Date "2017.04.02"]
[Round "3"]
[White "splashlee2010"]
[Black "Kjaan1974"]
[Result "0-1"]
[ICCResult "White checkmated"]
[WhiteElo "1223"]
[BlackElo "1516"]
[Opening "Philidor's defense"]
[ECO "C41"]
[NIC "KP.10"]
[Time "19:29:45"]
[TimeControl "180+0"]

1. e4 e5 2. Nf3 d6 3. Bc4 h6 4. O-O Nf6 5. Qe2 c6 6. h3 Be7 7. c3 b5 8. Bb3
a5 9. Nh2 Na6 10. f4 exf4 11. Rxf4 Nc5 12. Bc2 Qb6 13. d4 Ncd7 14. Kh1 g5
15. Rf1 Bb7 16. Ng4 Nxg4 17. Qxg4 f6 18. Bb3 O-O-O 19. Be6 h5 20. Qf5 Kc7
21. d5 Ne5 22. dxc6 Bxc6 23. Na3 h4 24. Bd5 g4 25. hxg4 h3 26. g3 Bxd5 27.
exd5 Rdg8 28. Rf4 Rg5 29. Qe6 Rg7 30. Rd4 Nf3 31. Rd1 Qf2 32. Nxb5+ Kd8 33.
Rd2 Qg1# {White checkmated} 0-1

[Event "ICCopen2017"]
[Site "Internet Chess Club"]
[Date "2017.04.02"]
[Round "3"]
[White "sonofmarabu"]
[Black "anitak"]
[Result "0-1"]
[ICCResult "White forfeits on time"]
[WhiteElo "1705"]
[BlackElo "2081"]
[Opening "Caro-Kann: classical, Spassky variation"]
[ECO "B19"]
[NIC "CK.12"]
[Time "19:28:37"]
[TimeControl "180+0"]

1. e4 c6 2. d4 d5 3. Nc3 dxe4 4. Nxe4 Bf5 5. Ng3 Bg6 6. h4 h6 7. Nf3 Nd7 8.
h5 Bh7 9. Bd3 Bxd3 10. Qxd3 e6 11. Bd2 Qc7 12. Ne4 Ngf6 13. g3 Nxe4 14. Qxe4
Nf6 15. Qe2 O-O-O 16. O-O-O Bd6 17. Kb1 Qb6 18. c4 c5 19. Bc3 Qc7 20. Rh4 a6
21. d5 exd5 22. cxd5 Rhe8 23. Qd3 Qd7 24. a3 Kb8 25. Ba5 Bc7 26. Bxc7+ Qxc7
27. d6 Qd7 28. Rc4 Re6 29. Qf5 Rxd6 30. Qxd7 Rxd1+ 31. Qxd1 Rxd1+ 32. Ka2
Rd5 33. Kb3 b5 34. Rc2 Rxh5 35. Re2 Rd5 36. Re3 Kc7 37. Ne5 c4+ 38. Kb4 Rd2
39. Nxf7 Nd5+ 40. Kc5 Nxe3 41. fxe3 Rxb2 42. Nh8 c3 {White forfeits on time}
0-1

[Event "ICCopen2017"]
[Site "Internet Chess Club"]
[Date "2017.04.02"]
[Round "3"]
[White "iliketal"]
[Black "StaggerLee"]
[Result "1-0"]
[ICCResult "Black checkmated"]
[WhiteElo "1770"]
[BlackElo "1387"]
[Opening "Anderssen's opening"]
[ECO "A00"]
[NIC "VO.14"]
[Time "19:28:55"]
[TimeControl "180+0"]

1. a3 e5 2. b4 d5 3. Bb2 Bd6 4. e3 Nf6 5. c4 c6 6. Nf3 Qe7 7. d4 e4 8. Nfd2
O-O 9. Nc3 Bg4 10. Be2 Bxe2 11. Qxe2 Re8 12. b5 Qc7 13. h3 h6 14. Nb3 Nbd7
15. a4 a6 16. bxc6 bxc6 17. Ba3 Rab8 18. Bxd6 Qxd6 19. c5 Qe7 20. Na5 Qe6
21. O-O Rb4 22. Rfb1 Reb8 23. Rxb4 Rxb4 24. Qa2 Rb8 25. Rb1 Rxb1+ 26. Qxb1
Kh7 27. Qb7 g6 28. Qxc6 Qxc6 29. Nxc6 Kg7 30. a5 Kf8 31. Nb4 Nb8 32. Ncxd5
Nxd5 33. Nxd5 Ke8 34. Nc3 f5 35. d5 Kd7 36. c6+ Nxc6 37. dxc6+ Kxc6 38. f3
exf3 39. gxf3 Kc5 40. Kf2 Kb4 41. Nd5+ Kxa5 42. e4 fxe4 43. fxe4 Kb5 44. Ke3
a5 45. Kd4 Kc6 46. Ke5 Kd7 47. Kf6 g5 48. Kg6 Kd6 49. Kxh6 a4 50. Nc3 Ke5
51. Kxg5 a3 52. h4 Kd4 53. Na2 Kc4 54. h5 Kb3 55. h6 Kxa2 56. h7 Kb2 57.
h8=Q+ Ka2 58. Qb8 Ka1 59. e5 a2 60. Qc7 Kb1 61. Qb6+ Ka1 62. Qc5 Kb1 63.
Qb4+ Ka1 64. Qc3+ Kb1 65. Qb3+ Ka1 66. Qxa2+ Kxa2 67. e6 Kb3 68. e7 Kc4 69.
e8=Q Kc5 70. Qe6 Kb5 71. Kf4 Kb4 72. Ke4 Kb5 73. Qd5+ Kb4 74. Qc6 Kb3 75.
Kd3 Kb2 76. Qc2+ Ka3 77. Qb1 Ka4 78. Kc4 Ka3 79. Qb3# {Black checkmated} 1-0

[Event "ICCopen2017"]
[Site "Internet Chess Club"]
[Date "2017.04.02"]
[Round "3"]
[White "Maxbet"]
[Black "isurox"]
[Result "1-0"]
[ICCResult "Black resigns"]
[WhiteElo "2695"]
[BlackElo "1793"]
[Opening "Scandinavian defense, Lasker variation"]
[ECO "B01"]
[NIC "SD.01"]
[Time "19:29:44"]
[TimeControl "180+0"]

1. e4 d5 2. exd5 Qxd5 3. Nc3 Qa5 4. Nf3 Nf6 5. d4 Bg4 6. h3 Bh5 7. g4 Bg6 8.
Ne5 e6 9. Bg2 c6 10. Bd2 Qb6 11. O-O Qxd4 12. Qe2 Bd6 13. Nc4 Bb4 14. Be3
Qd7 15. Rad1 Qc7 16. a3 Be7 17. Qf3 O-O 18. Bf4 Qc8 19. Nd6 Bxd6 20. Bxd6
Re8 21. Qe2 Nbd7 22. Bg3 Nb6 23. h4 h5 24. g5 Nfd5 25. Ne4 e5 26. Nd6 Qe6
27. Nxe8 Rxe8 28. Rfe1 Qf5 29. Be4 Qh3 30. Bxg6 fxg6 31. c4 Ne7 32. Qxe5
Nxc4 33. Qc3 Qg4 34. Rd4 Nd5 35. Rxe8+ Kf7 36. Qxc4 {Black resigns} 1-0

[Event "ICCopen2017"]
[Site "Internet Chess Club"]
[Date "2017.04.02"]
[Round "3"]
[White "Dupinpon"]
[Black "Bishopmate"]
[Result "1-0"]
[ICCResult "Black checkmated"]
[WhiteElo "1576"]
[BlackElo "1267"]
[Opening "Ruy Lopez: Marshall, main line, 14...Qh3"]
[ECO "C89"]
[NIC "RL.17"]
[Time "19:29:07"]
[TimeControl "180+0"]

1. e4 e5 2. Nf3 Nc6 3. Bb5 a6 4. Ba4 Nf6 5. O-O b5 6. Bb3 Be7 7. Re1 O-O 8.
c3 d5 9. exd5 Nxd5 10. Nxe5 Nxe5 11. Rxe5 c6 12. d4 Bd6 13. Re1 Qh4 14. g3
Qh3 15. Bxd5 cxd5 16. Qf3 Bb7 17. Bf4 Bxf4 18. Qxf4 Rfe8 19. Nd2 Qd7 20. Nf3
Qc6 21. Ne5 Qc7 22. Nd3 Rxe1+ 23. Rxe1 Qc4 24. Nc5 Bc6 25. Qd6 Rc8 26. Qxc6
Rf8 27. a3 Qa2 28. Re2 Qb1+ 29. Kg2 Qd1 30. Re3 Qd2 31. Qxd5 Qxb2 32. Nd7 g6
33. Nf6+ Kg7 34. Qe5 Kh6 35. Ng4# {Black checkmated} 1-0

[Event "ICCopen2017"]
[Site "Internet Chess Club"]
[Date "2017.04.02"]
[Round "3"]
[White "SPARNALIQ"]
[Black "Sam08"]
[Result "0-1"]
[ICCResult "White checkmated"]
[WhiteElo "3000"]
[BlackElo "2465"]
[Opening "King's Indian: Four pawns attack"]
[ECO "E76"]
[NIC "KI.31"]
[Time "19:28:53"]
[TimeControl "180+0"]

1. d4 Nf6 2. c4 g6 3. Nc3 Bg7 4. e4 d6 5. f4 O-O 6. Nf3 Na6 7. Be2 e5 8.
fxe5 dxe5 9. d5 Qd6 10. Be3 Bd7 11. Qc2 Ng4 12. Bg1 f5 13. a3 Nc5 14. b4
Nxe4 15. h3 Ngf6 16. c5 Qe7 17. Bc4 Kh8 18. Be3 Nxc3 19. Qxc3 Ne4 20. Qc2
Ng3 21. O-O-O Nxh1 22. Rxh1 f4 23. Bf2 e4 24. Bh4 Bf6 25. Bxf6+ Rxf6 26. Nd4
Qe5 27. Rd1 f3 28. Kb1 Raf8 29. gxf3 exf3 30. Ne6 Bxe6 31. dxe6 f2 32. Rf1
Kg7 33. Ka2 Qd4 34. Bb3 Rd8 35. Kb1 Qd3 36. Qxd3 Rxd3 37. Kc2 Re3 38. Bc4
Re1 39. e7 Rxe7 40. Kd2 Re4 41. Bd3 Rh4 42. Rc1 Rxh3 43. Bf1 Rh1 44. b5 Re6
45. a4 Re1 46. Rxe1 fxe1=Q+ 47. Kxe1 Kf6 48. a5 Rh5 49. b6 cxb6 50. axb6
Rxc5 51. bxa7 Ra5 52. Kf2 Rxa7 53. Ke3 Ra3+ 54. Kd4 g5 55. Bb5 h5 56. Ke4 h4
57. Bd7 Rg3 58. Bc8 h3 59. Bxb7 h2 60. Kd4 Rg1 61. Ke3 h1=Q 62. Bxh1 Rxh1
63. Ke4 Rh4+ 64. Kf3 Kf5 65. Kg3 Re4 66. Kf3 g4+ 67. Kg3 Re3+ 68. Kh4 Kf4
69. Kh5 g3 70. Kg6 g2 71. Kf6 g1=Q 72. Kf7 Kf3 73. Kf6 Ke2 74. Kf5 Qf2+ 75.
Kg4 Rg3+ 76. Kh4 Qh2# {White checkmated} 0-1

[Event "ICCopen2017"]
[Site "Internet Chess Club"]
[Date "2017.04.02"]
[Round "3"]
[White "Kruger"]
[Black "spoks7th"]
[Result "0-1"]
[ICCResult "White forfeits on time"]
[WhiteElo "1705"]
[BlackElo "2123"]
[Opening "Grünfeld: 5.Bg5"]
[ECO "D91"]
[NIC "GI.08"]
[Time "19:28:29"]
[TimeControl "180+0"]

1. d4 Nf6 2. c4 g6 3. Nf3 Bg7 4. Nc3 d5 5. Bg5 dxc4 6. e4 c5 7. Bxf6 Bxf6 8.
e5 Bg7 9. d5 Bg4 10. Bxc4 Bxe5 11. d6 Qxd6 12. Qb3 Kf8 13. Qxb7 Bxf3 14.
gxf3 Kg7 15. Qxa8 Nc6 16. Qb7 Rb8 17. Qa6 Rxb2 18. Ne4 Qc7 19. Rd1 Nd4 20.
Rxd4 cxd4 21. O-O Bxh2+ 22. Kg2 Be5 23. Qa3 Rb6 24. Qd3 Rc6 25. Bb3 h5 26.
Ng5 Rf6 27. Qe4 Rf4 28. Qd5 e6 29. Qxe6 fxe6 30. Nxe6+ Kf6 31. Nxc7 Bxc7 32.
Re1 h4 33. Re6+ Kg5 34. Rc6 h3+ 35. Kxh3 Rxf3+ 36. Kg2 Rc3 37. Rxc3 dxc3 38.
Kf3 Be5 39. Ke2 Bg7 40. Kd3 Kf4 41. Ke2 Ke4 42. Bc2+ Kd4 43. Bxg6 Kc4 44.
Kd1 Kb4 45. Bc2 Ka3 46. Bb3 Kb2 47. Be6 a5 48. f4 c2+ 49. Ke2 c1=Q 50. Kf3
Qc2 51. Kg4 Qg6+ 52. Kf3 Qxe6 53. f5 Qxa2 54. Ke3 Qf7 55. Kf4 Qxf5+ 56. Kxf5
a4 57. Kg6 a3 58. Kf7 a2 59. Kxg7 a1=Q 60. Kg6 Qc1 61. Kf5 Qc2+ 62. Ke5 Qc3+
63. Kd5 Kb3 64. Kd6 Qc4 {White forfeits on time} 0-1

[Event "ICCopen2017"]
[Site "Internet Chess Club"]
[Date "2017.04.02"]
[Round "3"]
[White "Commando"]
[Black "lustigbridge"]
[Result "1/2-1/2"]
[ICCResult "Game drawn because neither player has mating material"]
[WhiteElo "2495"]
[BlackElo "1878"]
[Opening "Ruy Lopez: Möller defense"]
[ECO "C78"]
[NIC "RL.12"]
[Time "19:28:49"]
[TimeControl "180+0"]

1. e4 e5 2. Nf3 Nc6 3. Bb5 a6 4. Ba4 Nf6 5. O-O Bc5 6. c3 O-O 7. d4 Ba7 8.
Bg5 h6 9. Bxf6 Qxf6 10. Bxc6 Qxc6 11. Nxe5 Qxe4 12. Nd2 Qd5 13. Ndc4 d6 14.
Ne3 Qe6 15. Nf3 Qg6 16. Re1 Bg4 17. Nh4 Bxd1 18. Nxg6 fxg6 19. Raxd1 Rae8
20. f3 c6 21. Kf2 b5 22. a4 c5 23. axb5 axb5 24. Ra1 Rf7 25. Nc2 Rxe1 26.
Rxe1 b4 27. cxb4 cxd4 28. Ke2 Bb8 29. Kd3 Kh7 30. Nxd4 d5 31. b5 Bxh2 32.
Re6 g5 33. b6 Rb7 34. Nb3 Bg1 35. Nd4 Kg8 36. b4 Kf7 37. Rc6 Bh2 38. Nb3 Ke7
39. Nc5 Rb8 40. b7 Bd6 41. Rb6 Bxc5 42. bxc5 Kd7 43. Kd4 Kc7 44. Kxd5 Rxb7
45. Rxb7+ Kxb7 46. Ke6 Kc7 47. Kf7 h5 48. Kg6 g4 49. Kxh5 gxf3 50. gxf3 Kc6
51. Kg6 Kxc5 52. Kxg7 Kd5 53. f4 Ke4 54. f5 Kxf5
{Game drawn because neither player has mating material}
1/2-1/2